 Dungeon Crawl Stone Soup version 0.23.2-1-ga50397a (webtiles) character file.

Game seed: 2450821287221525035

3577 Borgoz the Carver (level 9, 0/81 HPs)
             Began as a Minotaur Monk on May 25, 2019.
             Was a Believer of Ashenzari.
             Succumbed to an orange demon's poison
             ... on level 8 of the Dungeon.
             The game lasted 00:12:15 (7659 turns).

Borgoz the Carver (Minotaur Monk)                   Turns: 7659, Time: 00:12:16

Health: 0/81       AC: 16    Str: 22    XL:     9   Next: 84%
Magic:  11/11      EV: 10    Int:  7    God:    Ashenzari [**....]
Gold:   484        SH:  3    Dex: 12    Spells: 8/8 levels left

rFire    . . .     SeeInvis .   r - +1 long sword
rCold    . . .     Gourm    .   f - +0 buckler
rNeg     . . .     Faith    .   h - +4 chain mail
rPois    .         Spirit   .   (helmet restricted)
rElec    .         Reflect  .   (no cloak)
rCorr    .         Harm     .   o - +0 pair of gloves
MR       .....     Clarity  +   (no boots)
Stlth    ..........             j - amulet of rage
HPRegen  0.23/turn              (no ring)
MPRegen  0.12/turn              (no ring)

@: lethally poisoned (0 -> -1), berserk cooldown, very slightly contaminated,
slowed, invisible, very slow
A: retaliatory headbutt, horns 2, clarity, strong 1
a: Curse Item, Scrying, Renounce Religion, Evoke Berserk Rage


You were on level 8 of the Dungeon.
You worshipped Ashenzari.
Ashenzari was pleased with you.
You were not hungry.

You visited 2 branches of the dungeon, and saw 9 of its levels.

You collected 484 gold pieces.

Inventory:

Hand Weapons
 r - a +1 long sword (weapon)
Armour
 f - a +0 buckler (worn)
 h - a +4 chain mail (worn)
 o - a +0 pair of gloves (worn)
Jewellery
 d - an uncursed amulet of the gourmand
 g - a +4 amulet of reflection
 j - an amulet of rage (around neck)
Wands
 m - a wand of flame (15)
 B - a wand of iceblast (7)
 D - a wand of acid (9)
 E - a wand of random effects (11)
Scrolls
 a - 3 scrolls of remove curse
 e - 4 scrolls of amnesia
 k - a scroll of magic mapping {unknown}
 n - a scroll of blinking {unknown}
 p - 2 scrolls of enchant weapon
 q - a scroll of fog
 s - 5 scrolls of noise {unknown}
 t - 2 scrolls of teleportation
 u - a scroll of torment {unknown}
 v - a scroll of immolation {unknown}
 y - a scroll of fear
Potions
 b - 2 potions of brilliance
 l - a potion of might
Comestibles
 c - 10 rations
 A - 2 chunks of flesh


   Skills:
 * Level 7.9 Fighting
 * Level 9.5 Long Blades
 * Level 8.8 Armour
 * Level 7.2 Dodging
 - Level 1.5 Stealth
 + Level 4.0 Evocations


You had 8 spell levels left.
You didn't know any spells.
Your spell library was empty.

Dungeon Overview and Level Annotations

Branches:
Dungeon (8/15)             Temple (1/1) D:5
   Lair: D:8-11

Altars:
Ashenzari
Cheibriados
Dithmenos
Elyvilon
Fedhas
Gozag
Hepliaklqana
Kikubaaqudgha
Makhleb
Nemelex Xobeh
Okawaru
Qazlal
Ru
Sif Muna
Trog
Uskayaw
Vehumet
Wu Jian
Xom
Yredelemnul
Zin
The Shining One

Shops:
D:5 }


Innate Abilities, Weirdness & Mutations

You reflexively headbutt those who attack you in melee.
You have a pair of horns on your head.
You possess an exceptional clarity of mind.
Your muscles are strong. (Str +2)


Message History

You feel sick.
* * * LOW HITPOINT WARNING * * *
You feel sick.
A red film seems to cover your vision as you go berserk!
You feel yourself moving faster!
You feel mighty!
You feel a strong urge to attack something.
You feel sick.
You feel your anger nearly subside.
You feel sick.
You are no longer berserk.
You are exhausted.
You feel yourself slow down.
* * * LOW HITPOINT WARNING * * *
You feel sick.
* * * LOW HITPOINT WARNING * * *
You feel sick.
Really quaff the potion of mutation?
You feel extremely strange.
You feel stronger.
Your thoughts seem clearer.
You die...

..............##....(#...####..#
###.######.)..###...###.## #..#
#.# ###.[....##[## #.# ##.#
#.####......######*,..# ###
#......####..# #.. ##..#### ##.#
#. #..##### #.# , * #......#
#.##### *, #####..<..# #..@..#
#.........# #####..# ..#.#.....#
* .... ....####### * ,..## .####
* *,,.#* * .#* ,* #*,,,, .., , *
* * ,, ###***, * , , , * * , , *


There were no monsters in sight!

Vanquished Creatures
  An obsidian statue (D:8)
  An orange crystal statue (D:8)
  A hungry ghost (D:7)
  Duvessa (D:5)
  An ice beast (D:6)
  2 orc warriors (D:6)
  A black bear (D:8)
  A necrophage (D:6)
  6 ogres
  Dowan (D:5)
  A scorpion (D:4)
  5 wights
  A howler monkey (D:5)
  A vampire bat (D:3)
  A centaur zombie (D:6)
  2 crimson imps
  5 hounds
  4 orc priests
  A centaur skeleton (D:6)
  A bullfrog skeleton (D:6)
  An iguana (D:8)
  Terence (D:2)
  5 orc wizards
  5 worker ants
  2 hound skeletons (D:7)
  A worker ant zombie (D:8)
  6 adders
  3 adder skeletons (D:4)
  An adder zombie (D:8)
  3 worms
  2 dart slugs
  3 fire bats (D:3)
  4 leopard geckos
  19 orcs
  2 spectral bats (D:3)
  4 ball pythons
  3 bat skeletons (D:3)
  A bat zombie (D:3)
  6 giant cockroaches
  5 goblins
  5 hobgoblins
  21 jackals
  3 quokkas
  13 bats
  A bat simulacrum (D:3)
  10 frilled lizards
  2 kobolds (D:1)
  A leopard gecko skeleton (D:7)
  7 rats
178 creatures vanquished.

Notes
Turn   | Place    | Note
-------+----------+-------------------------------------------
     0 | D:1      | Borgoz the Minotaur Monk began the quest for the Orb.
     0 | D:1      | Reached XP level 1. HP: 19/19 MP: 0/0
   114 | D:1      | Reached skill level 1 in Armour
   114 | D:1      | Reached XP level 2. HP: 22/27 MP: 1/1
   123 | D:1      | Reached skill level 4 in Long Blades
   411 | D:1      | Reached XP level 3. HP: 31/33 MP: 2/2
  1050 | D:2      | Noticed Terence
  1063 | D:2      | Killed Terence
  1254 | D:2      | Reached XP level 4. HP: 35/40 MP: 3/3
  1464 | D:2      | Found an opulent altar of Gozag.
  2165 | D:3      | Reached XP level 5. HP: 40/47 MP: 4/4
  2182 | D:3      | Reached skill level 5 in Long Blades
  2496 | D:4      | Reached XP level 6. HP: 46/53 MP: 5/5
  3028 | D:4      | Reached skill level 5 in Fighting
  3028 | D:4      | Reached skill level 6 in Long Blades
  3028 | D:4      | Reached skill level 1 in Evocations
  3056 | D:4      | Reached XP level 7. HP: 57/61 MP: 6/6
  3252 | D:5      | Entered Level 5 of the Dungeon
  3308 | D:5      | Reached skill level 5 in Armour
  3331 | D:5      | Found Niunnax's Gadget Shoppe.
  3364 | D:5      | Found a deep blue altar of Sif Muna.
  3398 | D:5      | Found a staircase to the Ecumenical Temple.
  3407 | Temple   | Entered the Ecumenical Temple
  3467 | Temple   | Became a worshipper of Ashenzari the Shackled
  3467 | Temple   | Reached * piety under Ashenzari
  3467 | Temple   | Reached ** piety under Ashenzari
  3521 | D:5      | Noticed Duvessa
  3521 | D:5      | Noticed Dowan
  3529 | D:5      | Killed Duvessa
  3537 | D:5      | Killed Dowan
  3679 | D:5      | Found a glowing golden altar of the Shining One.
  3680 | D:5      | Found a radiant altar of Vehumet.
  3729 | D:5      | Reached skill level 5 in Dodging
  4243 | D:6      | Reached skill level 7 in Long Blades
  4254 | D:6      | Found a bloodstained altar of Trog.
  4308 | D:6      | Reached XP level 8. HP: 38/69 MP: 8/8
  4831 | D:6      | Reached skill level 8 in Long Blades
  5069 | D:6      | HP: 2/71 [orc wizard/+0 dagger (5)]
  5701 | D:6      | Found a sacrificial altar of Ru.
  6331 | D:7      | Reached XP level 9. HP: 78/78 MP: 10/10
  6427 | D:7      | Found a white marble altar of Elyvilon.
  6428 | D:7      | Found a hazy altar of Hepliaklqana.
  6446 | D:7      | Found a burning altar of Makhleb.
  6447 | D:7      | Found an ancient bone altar of Kikubaaqudgha.
  6447 | D:7      | Found an iron altar of Okawaru.
  6449 | D:7      | Found a shadowy altar of Dithmenos.
  6449 | D:7      | Found a snail-covered altar of Cheibriados.
  6451 | D:7      | Found a stormy altar of Qazlal.
  7467 | D:8      | Noticed an orange crystal statue
  7570 | D:8      | Killed an orange crystal statue
  7570 | D:8      | Reached skill level 9 in Long Blades
  7613 | D:8      | Noticed an obsidian statue
  7617 | D:8      | Noticed a red devil
  7617 | D:8      | Noticed a rust devil
  7621 | D:8      | Noticed an orange demon
  7621 | D:8      | Noticed an orange demon
  7631 | D:8      | Killed an obsidian statue
  7648 | D:8      | HP: 4/81 [poisoned by an orange demon]
  7654 | D:8      | HP: 3/121 [poisoned by an orange demon]
  7656 | D:8      | HP: 1/81 [poisoned by an orange demon]
  7659 | D:8      | Gained mutation: Your muscles are strong. (Str +2) [potion
                  | of mutation]
  7659 | D:8      | Gained mutation: You possess an exceptional clarity of
                  | mind. [potion of mutation]
  7659 | D:8      | Succumbed to an orange demon's poison

Skill      XL: |  1  2  3  4  5  6  7  8  9 |
---------------+----------------------------+-----
Armour         | 1 2 3 4 6 7 8 |  8.8
Long Blades    | 4 5 6 7 8 9 |  9.5
Fighting       | 4 5 6 7 |  7.9
Dodging        | 4 5 6 7 |  7.2
Evocations     | 1 2 3 4 |  4.0
Stealth        | |  1.5

Action                   |  1- 3 |  4- 6 |  7- 9 || total
-------------------------+-------+-------+-------++-------
Melee: Falchion          |    59 |    54 |       ||   113
       Headbutt          |    18 |    38 |    52 ||   108
       Long sword        |       |    98 |   299 ||   397
 Abil: Evoke Berserk Rag |       |       |     5 ||     5
  Use: Scroll            |     3 |     8 |     6 ||    17
       Potion            |     1 |       |    10 ||    11
 Stab: Sleeping          |     4 |       |       ||     4
  Eat: Chunk             |     1 |    11 |    14 ||    26
       Ration            |       |     1 |     1 ||     2
Armor: Robe              |     6 |       |       ||     6
       Scale mail        |       |    93 |    68 ||   161
       Chain mail        |       |       |    69 ||    69
Dodge: Dodged            |    34 |   107 |   134 ||   275
Block: Buckler           |     4 |    26 |    29 ||    59
       Rpst.: Falchion   |     9 |     9 |       ||    18
       Long sword        |       |    30 |    35 ||    65
